 Dungeon Crawl Stone Soup version 0.27-a0-1186-g8b4daa1eef (webtiles) character file.

Game seed: 17102473652421181603

109 bisexualwizard the Grave Robber (level 4, -5/39 HPs)
             Began as an Ogre Necromancer on May 19, 2021.
             Was an Initiate of Okawaru.
             Splashed by a jelly's acid (9 damage)
             ... on level 4 of the Dungeon on May 20, 2021.
             The game lasted 00:11:28 (3260 turns).

bisexualwizard the Grave Robber (Ogre Necromancer)  Turns: 3260, Time: 00:11:28

Health: -5/39      AC: -5    Str: 13    XL:     4   Next: 90%
Magic:  3/10       EV:  9    Int: 16    God:    Okawaru [......]
Gold:   119        SH:  0    Dex:  9    Spells: 6/11 levels left

rFire    . . .     SeeInvis .   p - +0 mace
rCold    . . .     Faith    .   (no shield)
rNeg     . . .     Spirit   .   a - +0 robe
rPois    .         Reflect  .   (helmet restricted)
rElec    .         Harm     .   (no cloak)
rCorr    .         Rampage  .   (gloves unavailable)
Will     .....                  (boots unavailable)
Stlth    +.........             (no amulet)
HPRegen  0.13/turn              j - ring of wizardry
MPRegen  0.12/turn              (no ring)

@: corroded, slowed, very slow
A: large, unfitting armour, tough skin 1
a: Renounce Religion


You were on level 4 of the Dungeon.
You worshipped Okawaru.
Okawaru was noncommittal.
You visited 1 branch of the dungeon, and saw 4 of its levels.

You collected 119 gold pieces.

Inventory:

Hand Weapons
 c - a +0 dagger
 h - a +0 spear
 k - a +0 whip
 p - a +0 mace (weapon)
Armour
 a - a +0 robe (worn)
Jewellery
 j - a ring of wizardry (left hand)
Scrolls
 b - 4 scrolls of identify
 d - a scroll of holy word {unknown}
 f - 3 scrolls of magic mapping {unknown}
 g - a scroll of enchant weapon {unknown}
 i - a scroll of fear {unknown}
 m - a scroll of teleportation {unknown}
 n - a scroll of blinking {unknown}
 s - a scroll of immolation {unknown}
Potions
 e - a potion of haste
 l - 2 potions of degeneration
 o - a potion of brilliance {unknown}
 q - 2 potions of heal wounds {unknown}
 r - a potion of flight {unknown}


   Skills:
 + Level 1.8 Dodging
 + Level 1.5 Stealth
 + Level 4.0 Spellcasting
 * Level 4.7 Necromancy


You had 6 spell levels left.
You knew the following spells:

 Your Spells              Type           Power      Damage    Failure   Level
a - Pain                  Necr           72%        1d7       1%          1
b - Animate Skeleton      Necr           36%        N/A       1%          1
c - Vampiric Draining     Necr           9%         2d7       3%          3

Your spell library contained the following spells:

 Spells                   Type           Power      Damage    Failure   Level
 Animate Dead             Necr           9%         N/A       10%         4
 Agony                    Necr           18%        N/A       26%         5


Dungeon Overview and Level Annotations

Branches:
Dungeon (4/15)
 Temple: D:4-7

Altars:
Okawaru

Shops:
D:2 !

Annotations:
D:4 Natasha


Innate Abilities, Weirdness & Mutations

You are too large for most types of armour.
You have tough skin. (AC +1)


Message History

Casting: Pain (safe; 1% risk of failure)
Confirm with . or Enter, or press ? or * to list all spells.
Aiming: Pain (safe; 1% risk of failure)
Press: ? - help, Shift-Dir - straight line, f/p - Natasha
Aim: Natasha (chance to affect: 78%) Natasha writhes in agony!
Natasha howls an incantation.
Natasha glows brightly for a moment.
You hit the jelly but do no damage.
Your hands burn!
Natasha closely misses you. The jelly barely misses you. Natasha claws you.
Casting: Pain (safe; 1% risk of failure)
Confirm with . or Enter, or press ? or * to list all spells.
Aiming: Vampiric Draining (dangerous; 3% risk of failure)
Press: ? - help, Shift-Dir - straight line, f - jelly, p - Natasha
Aim: a jelly You draw life force from the jelly.
You feel life coursing into your body. The jelly hits you.
The acid corrodes you!
You are splashed with acid!
Natasha claws you.
Natasha mumbles some strange words.
Natasha glows brightly for a moment.
Natasha casts a spell at you. The magic dart hits you!
You barely miss the jelly.
The jelly is moderately wounded.
The jelly barely misses you.
Natasha stares at you and mumbles some strange words.
You feel yourself slow down. The jelly hits you.
You are splashed with acid.
* * * LOW HITPOINT WARNING * * *
Casting: Vampiric Draining (dangerous; 3% risk of failure)
Confirm with . or Enter, or press ? or * to list all spells.
Aiming: Vampiric Draining (dangerous; 3% risk of failure)
Press: ? - help, Shift-Dir - straight line, f/p - jelly
Aim: a jelly (moderately wounded)
You draw life force from the jelly!
You feel life coursing into your body. Natasha claws you!
* * * LOW HITPOINT WARNING * * *
The jelly hits you.
* * * LOW HITPOINT WARNING * * *
The acid corrodes you!
You are splashed with acid!
You die...

...............###..#
...##...###.........
...###......# #... .
#......#######.# .#
...####Z####....##..##
. #####Z#....†...>....
..#.......###.........
#...###.#####.........
..........@J..........
...........h.#########
#######.####....#
########..............
.................#####
########......<..#
#.........#
#.........#
#.........#


You could see a jelly and Natasha.

Vanquished Creatures
  Natasha (D:4)
  A gnoll (D:1)
  2 adders (D:2)
  An adder skeleton (D:4)
  A dart slug (D:1)
  An orc (D:3)
  6 bats
  5 endoplasms
  2 giant cockroaches
  2 goblins
  6 hobgoblins
  2 jackals (D:4)
  8 kobolds
  3 ball pythons (D:1)
  6 frilled lizards
  6 rats
53 creatures vanquished.

Vanquished Creatures (others)
  A plant (D:2)
  2 withered plants (D:2)
3 creatures vanquished.

Grand Total: 56 creatures vanquished

Notes
Turn   | Place    | Note
-------+----------+-------------------------------------------
     0 | D:1      | bisexualwizard the Ogre Necromancer began the quest for the
                  | Orb.
     0 | D:1      | Reached XP level 1. HP: 16/16 MP: 3/3
   241 | D:1      | Learned a level 1 spell: Animate Skeleton
   462 | D:1      | Reached XP level 2. HP: 24/24 MP: 3/5
   803 | D:1      | Reached XP level 3. HP: 21/31 MP: 2/7
   907 | D:1      | Learned a level 3 spell: Vampiric Draining
  1497 | D:2      | Found Gicren's Distillery.
  1503 | D:2      | Found an iron altar of Okawaru.
  1542 | D:2      | Became a worshipper of Warmaster Okawaru
  1684 | D:2      | Found a faded altar of an unknown god.
  2220 | D:2      | Reached XP level 4. HP: 27/39 MP: 3/9
  3073 | D:4      | Noticed Natasha
  3081 | D:4      | Killed Natasha
  3245 | D:4      | Noticed Natasha
  3260 | D:4      | Splashed by a jelly's acid

Illustrated notes

Levels and vault maps discovered:
D:1:      dpeg_arrival_three_smaller_balls, layout_basic
D:2:      layout_basic, basic_altar, shapermc_ecumenical_altar_flowoftime,
          serial_shops, shop
D:3:      layout_loops_cross
D:4:      layout_rooms, minmay_temple_entry_statues_fountains, uniq_natasha,
          uniq_pikel, uniq_grinder

Skill      XL: |  1  2  3  4 |
---------------+-------------+-----
Necromancy     | 4 |  4.7
Spellcasting   | 3 4 |  4.0
Dodging        | |  1.8
Stealth        | |  1.5

Action                   |  1- 3 |  4- 6 || total
-------------------------+-------+-------++-------
Melee: Dagger            |    13 |       ||    13
       Whip              |    15 |       ||    15
       Mace              |    12 |    29 ||    41
       Spear             |     5 |       ||     5
 Cast: Pain              |    53 |    17 ||    70
       Animate Skeleton  |     9 |     8 ||    17
       Vampiric Draining |     1 |     6 ||     7
  Use: Scroll            |     2 |       ||     2
Armor: Robe              |    18 |     6 ||    24
Dodge: Dodged            |    32 |    22 ||    54

Table legend: (Time is in decaauts)
 A = Elapsed time spent in this place.
 B = Non-inter-level travel time spent in this place.
 C = Inter-level travel time spent in this place.
 D = Time resting spent in this place.
 E = Time spent auto-exploring this place.
 F = Levels seen in this place.
 G = Mean time per level.
                   A        B        C        D        E       F      G
               +--------+--------+--------+--------+--------+-----+--------+
         Total |   3325 |   3171 |    154 |    586 |   2015 |   4 |  831.2 |
       Dungeon |   3325 |   3171 |    154 |    586 |   2015 |   4 |  831.2 |
               +--------+--------+--------+--------+--------+-----+--------+

Top non-repeatable levels by time:
     D:1: 1427 daAuts
     D:2: 957 daAuts
     D:3: 751 daAuts
     D:4: 189 daAuts
